 Dungeon Crawl Stone Soup version 0.27-a0-1200-g94dc6ad4cf (webtiles) character file.

Game seed: 10848511071725566661

6 spiderkeys the Skirmisher (level 1, 0/18 HPs)
             Began as a Merfolk Abyssal Knight on June 1, 2021.
             Was an Initiate of Lugonu.
             Slain by a quokka (3 damage)
             ... on level 1 of the Dungeon.
             The game lasted 00:00:56 (731 turns).

spiderkeys the Skirmisher (Merfolk Abyssal Knight)   Turns: 731, Time: 00:00:56

Health: 0/18       AC:  1    Str: 12    XL:     1   Next: 90%
Magic:  2/2        EV: 11    Int: 11    God:    Lugonu [......]
Gold:   24         SH:  0    Dex:  9    Spells: 0/0 levels left

rFire    . . .     SeeInvis .   a - +1 spear
rCold    . . .     Faith    .   (no shield)
rNeg     . . .     Spirit   .   b - +0 leather armour
rPois    .         Reflect  .   (no helmet)
rElec    .         Harm     .   (no cloak)
rCorr    .         Rampage  .   (no gloves)
Will     .....                  (no boots)
Stlth    +.........             (no amulet)
HPRegen  0.06/turn              (no ring)
MPRegen  0.08/turn              (no ring)

@: no status effects
A: (nimble swimmer 2), mertail, deterioration 1, [clumsy 2], [deformed body]
a: Renounce Religion


You were on level 1 of the Dungeon.
You worshipped Lugonu.
Lugonu was noncommittal.
You visited 1 branch of the dungeon, and saw 1 of its levels.
You visited the Abyss 1 time.

You collected 24 gold pieces.


Innate Abilities, Weirdness & Mutations

((You are quick and stealthy near water. (Stealth+, EV+, Speed+++)))
Your lower body shifts to a powerful aquatic tail in water.
Your body sometimes deteriorates upon taking damage.
[You are very clumsy. (Dex -4)]
[Armour fits poorly on your strangely shaped body.]


   Skills:
 + Level 3.3 Fighting
 + Level 3.1 Polearms
 + Level 0.8 Armour
 + Level 2.8 Dodging
 + Level 2.1 Invocations


You couldn't memorise any spells.
You didn't know any spells.
Your spell library contained the following spells:

 Spells                   Type           Power      Damage    Failure   Level
 Corona                   Hex            0%         N/A       41%         1
 Ensorcelled Hibernation  Hex/Ice        0%         N/A       56%         2
 Confusing Touch          Hex            0%         N/A       80%         3
 Dazzling Flash           Conj/Hex       0%         N/A       80%         3
 Tukima's Dance           Hex            0%         N/A       80%         3

Inventory:

Hand Weapons
 a - a +1 spear (weapon)
Missiles
 c - 23 stones
Armour
 b - a +0 leather armour (worn)
Jewellery
 P - a ring of poison resistance
   (You found it on level 1 of the Abyss)

Dungeon Overview and Level Annotations

Branches:
Dungeon (1/15)

Altars:

.# ## .. .# # #. . #
##.#. # .... #
#..###.##.
####.........
#..b.r)...# #@# #.#
... ##.## .# #...# ##
#...# # #.## #...# #
... #####...##### ##
###.####...........##.
.#
#.....................


You could see a quokka and a bat.


Message History

No target in view!
No target in view!
No target in view!
A kobold comes into view. It is wielding a +0 dagger.
The kobold shouts!
A kobold is nearby!
A kobold is nearby!
Unknown command.
You reach to attack!
You hit the kobold. You barely miss the kobold. The kobold closely misses you.
You hit the kobold.
You kill the kobold!
Lugonu accepts your kill.
No target in view!
A ball python comes into view.
Things that are here:
a +0 dagger; a kobold corpse A ball python is nearby!
A ball python is nearby!
The ball python hisses angrily.
You reach to attack!
You hit the ball python.
You kill the ball python!
Lugonu accepts your kill.
No target in view!
No target in view!
No target in view!
Things that are here:
a +0 dagger; a kobold corpse
c - 23 stones You see here a +0 chain mail.
Key pressed, stopping explore.
You now have 24 gold pieces (gained 13).
A hobgoblin comes into view.
The hobgoblin shouts!
You reach to attack!
You hit the hobgoblin. You hit the hobgoblin but do no damage.
The hobgoblin barely misses you.
You hit the hobgoblin.
You kill the hobgoblin!
Lugonu accepts your kill.
No target in view!
No target in view!
You pick up a book of Maledictions and begin reading...
You add the spells Corona, Ensorcelled Hibernation, Confusing Touch, Tukima's Dance and Dazzling Flash to your library.
A bat comes into view.
The bat hits you but does no damage.
You barely miss the bat. The bat closely misses you.
A goblin comes into view. It is wielding a +0 dagger.
The goblin shouts!
The bat hits you but does no damage.
You reach to attack!
You barely miss the bat. The bat barely misses you.
A quokka comes into view.
You hit the goblin.
You kill the goblin!
Lugonu accepts your kill. The bat hits you but does no damage.
There are monsters nearby!
There are monsters nearby!
You reach to attack!
You hit the bat. The bat hits you but does no damage.
You closely miss the bat. The bat barely misses you.
You barely miss the quokka. The bat hits you but does no damage.
The quokka bites you but does no damage.
The quokka bites you. 😕 HP[-3]
You take 3 damage, and now have 15/18 hp.
You closely miss the quokka. The bat misses you.
The quokka twitches its whiskers.
The quokka bites you. 😮 HP[-3]
You take 3 damage, and now have 12/18 hp.
You are too injured to fight recklessly!
You are too injured to fight recklessly!
You are too injured to fight recklessly!
You are too injured to fight recklessly!
You are too injured to fight recklessly!
You are too injured to fight recklessly!
You hit the quokka. The bat closely misses you. The quokka closely misses you.
You barely miss the quokka. The bat hits you. The quokka closely misses you.
You hit the quokka. The bat closely misses you. x2
The quokka closely misses you. 😮 HP[-1]
You take 1 damage, and now have 11/18 hp.
You barely miss the quokka. The bat closely misses you.
The quokka barely misses you.
You closely miss the quokka. The bat barely misses you. The quokka bites you.
You hit the quokka but do no damage. The bat barely misses you.
The quokka bites you.
* * * LOW HITPOINT WARNING * * *
😨 HP[-5]
You take 5 damage, and now have 6/18 hp.
MASSIVE DAMAGE!! (PAUSE)
You closely miss the quokka. The quokka bites you.
* * * LOW HITPOINT WARNING * * *
The bat hits you.
* * * LOW HITPOINT WARNING * * *
😱 HP[-2]
You take 2 damage, and now have 4/18 hp.
You hit the quokka but do no damage. The bat hits you.
* * * LOW HITPOINT WARNING * * *
The quokka bites you.
You die...

Action                   || total
-------------------------++-------
Melee: Spear             ||    23
Invok: Depart the Abyss  ||     1
  Use: Scroll            ||     1
Armor: Leather armour    ||     9
Dodge: Dodged            ||    35

Levels and vault maps discovered:
D:1:      dpeg_arrival_houses_and_road, layout_loops_cross

Notes
Turn   | Place    | Note
-------+----------+-------------------------------------------
     0 | Abyss:1  | spiderkeys the Merfolk Abyssal Knight began the quest for
                  | the Orb.
     0 | Abyss:1  | Reached XP level 1. HP: 18/18 MP: 2/2
     0 | Abyss:1  | magus.rc [v1.9.10]
   192 | Abyss:1  | Noticed a tentacled starspawn
   238 | Abyss:1  | Noticed a great orb of eyes
   250 | Abyss:1  | Noticed a wretched star
   252 | Abyss:1  | Noticed a raiju
   282 | Abyss:1  | Noticed a hell knight
   301 | Abyss:1  | Noticed a hellephant
   304 | Abyss:1  | Noticed a small abomination
   318 | Abyss:1  | Noticed a worldbinder
   319 | Abyss:1  | Noticed a blink frog
   320 | Abyss:1  | Noticed a dream sheep
   322 | Abyss:1  | HP: 3/18 [ufetubus (2)]
   323 | Abyss:1  | Noticed a small abomination
   327 | Abyss:1  | HP: 1/18 [ufetubus (3)]
   328 | Abyss:1  | Noticed a neqoxec
   329 | Abyss:1  | Gained mutation: Your body sometimes deteriorates upon
                  | taking damage. [a neqoxec]
   330 | D:1      | You pass through the gate.
   330 | D:1      | Escaped the Abyss
   713 | D:1      | You pick up a book of Maledictions and begin reading...
   713 | D:1      | You add the spells Corona, Ensorcelled Hibernation,
                  | Confusing Touch, Tukima's Dance and Dazzling Flash to your
                  | library.
   730 | D:1      | HP: 4/18 [bat (1)]
   731 | D:1      | Slain by a quokka

Vanquished Creatures
  A ball python (D:1)
  A goblin (D:1)
  A hobgoblin (D:1)
  A kobold (D:1)
  A rat (D:1)
5 creatures vanquished.

Vanquished Creatures (others)
  8 starspawn tentacles (Abyss:1)
8 creatures vanquished.

Grand Total: 13 creatures vanquished

Table legend:
 A = Non-vault XP
 B = Vault XP
 C = Vault XP percentage of total XP
 D = Non-vault monster count
 E = Vault monster count
 F = Vault count percentage of total count
                 A         B        C        D         E       F
            +---------+---------+-------+---------+---------+-------
      Total |       9 |       0 |   0.0 |       5 |       0 |   0.0
            +---------+---------+-------+---------+---------+-------
        D:1 |       9 |       0 |   0.0 |       5 |       0 |   0.0
            +---------+---------+-------+---------+---------+-------

Illustrated notes

Table legend:
 A = Kills in this place as a percentage of kills in entire the game.
 B = Kills by you in this place as a percentage of kills by you in the entire game.
 C = Kills by friends in this place as a percentage of kills by friends in the entire game.
 D = Other kills in this place as a percentage of other kills in the entire game.
 E = Experience gained in this place as a percentage of experience gained in the entire game.
 F = Experience gained in this place divided by the number of levels of this place that you have seen.
                   A       B       C       D       E      F
               +-------+-------+-------+-------+-------+----------------------
         Total | 100.0 | 100.0 |   N/A |   N/A | 100.0 |   4.5
       Dungeon | 100.0 | 100.0 |   N/A |   N/A | 100.0 |   9.0
               +-------+-------+-------+-------+-------+----------------------

Table legend: (Time is in decaauts)
 A = Elapsed time spent in this place.
 B = Non-inter-level travel time spent in this place.
 C = Inter-level travel time spent in this place.
 D = Time resting spent in this place.
 E = Time spent auto-exploring this place.
 F = Levels seen in this place.
 G = Mean time per level.
                   A        B        C        D        E       F      G
               +--------+--------+--------+--------+--------+-----+--------+
         Total |    718 |    718 |      0 |      0 |    558 |   2 |  359.0 |
       Dungeon |    399 |    399 |      0 |      0 |    366 |   1 |  399.0 |
         Abyss |    319 |    319 |      0 |      0 |    192 |   1 |  319.0 |
               +--------+--------+--------+--------+--------+-----+--------+

Top non-repeatable levels by time:
     D:1: 399 daAuts
 Abyss:1: 319 daAuts
